AoeStats
← oioi55669

Black Forest

510070129Analyzed
4v4 RM · 1d ago on Sep 29, 2026· 59m 7s· 8 players
Game mode
Random Map
Map size
Large (8 player)
Population
200
Speed
Normal
Resources
Standard
Victory
Conquest
Starting age
Dark Age
Ending age
Imperial Age
RankedLock teamsTeams togetherTeam positionsShared explorationLock speedFull tech treeHidden civsTurbo modeCheats
Victory
Defeat
🇹🇼 Celts · Taiwan
1171
+16
🇨🇳 Lithuanians · China
1083
+19
🇦🇺 Bohemians · Australia
1071
+20
🇪🇸 Malay · Spain
1055
+20
🇹🇼 Persians · Taiwan
1214
-21
🇹🇼 Bohemians · Taiwan
1185
-20
🇹🇼 Teutons · Taiwan
1176
-20
🇨🇳 Ethiopians · China
1046
-14
atobar1990
1:15 Loom
11:41 Feudal Age
16:43 Castle Age
15:24 Double-Bit Axe
16:59 Horse Collar
24:15 Gold Mining
24:15 Stone Mining
25:32 Wheelbarrow
24:43 Town Watch
25:45 Heavy Plow
25:58 Bow Saw
27:05 Gold Shaft Mining
27:05 Stone Shaft Mining
27:23 Hand Cart
27:46 Town Patrol
32:06 Imperial Age
29:48 Pikeman
29:49 Man-at-Arms
30:32 Squires
30:18 Arson
30:49 Forging
31:22 Long Swordsman
33:08 Chemistry
31:33 Onager
32:27 Fishing Lines
33:16 Two-Handed Swordsman
34:29 Halberdier
36:16 Forced Levy
53:28 Caravan
帝国大仲马
1:00 Loom
12:02 Feudal Age
18:06 Castle Age
18:17 Double-Bit Axe
20:56 Wheelbarrow
20:06 Town Watch
30:11 Bow Saw
34:00 Hand Cart
36:17 Imperial Age
33:47 Fishing Lines
35:39 Pikeman
36:19 Squires
37:22 Halberdier
46:37 Two-Man Saw
45:54 Hand Cart
46:44 Town Patrol
48:01 Chemistry
52:45 Gillnets
57:31 Arson
涛哥
12:21 Feudal Age
15:59 Castle Age
13:52 Double-Bit Axe
14:47 Horse Collar
23:07 Heavy Plow
23:12 Gold Mining
28:01 Wheelbarrow
28:32 Bow Saw
31:51 Imperial Age
29:31 Husbandry
29:41 Bloodlines
29:47 Fishing Lines
30:13 Scale Mail Armor
30:19 Scale Barding Armor
31:10 Forging
31:28 Gillnets
31:59 Chain Mail Armor
32:05 Chain Barding Armor
32:54 Conscription
31:54 Elite Leitis
33:13 Iron Casting
34:09 Chemistry
33:06 Stone Mining
35:23 Plate Barding Armor
36:04 Crop Rotation
35:51 Hand Cart
36:00 Ballistics
38:37 Caravan
39:26 Masonry
42:49 Light Cavalry
44:52 Winged Hussar
46:35 Architecture
50:17 Padded Archer Armor
50:07 Fletching
51:27 Two-Man Saw
56:35 Man-at-Arms
57:16 Squires
56:36 Pikeman
58:08 Loom
58:50 Bombard Tower
58:20 Heated Shot
58:11 Treadmill Crane
58:49 Leather Archer Armor
58:30 Bodkin Arrow
58:46 Hill Forts
58:46 Tower Shields
柑柑貝爾ü
12:10 Feudal Age
14:04 Loom
16:45 Castle Age
15:35 Double-Bit Axe
15:32 Horse Collar
18:36 Wheelbarrow
18:13 Bow Saw
18:04 Heavy Plow
23:09 Hand Cart
25:07 Loom
29:31 Imperial Age
27:08 Gold Mining
29:10 Gold Shaft Mining
30:35 Conscription
29:42 Capped Ram
30:37 Furor Celtica
29:50 Pikeman
30:15 Arson
31:00 Scale Mail Armor
31:10 Forging
31:00 Scale Mail Armor
32:35 Siege Engineers
32:47 Chain Mail Armor
33:07 Iron Casting
32:48 Chain Mail Armor
33:10 Iron Casting
32:29 Halberdier
35:47 Fortified Wall
39:12 Heavy Scorpion
39:28 Siege Ram
41:27 Plate Mail Armor
41:57 Blast Furnace
41:27 Plate Mail Armor
41:58 Blast Furnace
48:54 Chemistry
48:14 Ballistics
54:16 Onager
57:39 Caravan
oioi55669
6:44 Loom
11:31 Feudal Age
15:10 Castle Age
13:08 Double-Bit Axe
13:05 Horse Collar
15:47 Bow Saw
15:38 Heavy Plow
16:14 Bow Saw
17:04 Wheelbarrow
17:08 Heavy Plow
21:54 Hand Cart
21:50 Gold Mining
23:08 Stone Mining
24:53 Town Watch
28:36 Imperial Age
27:05 Forging
27:00 Scale Barding Armor
28:09 Gold Shaft Mining
28:30 Onager
28:35 Cavalier
29:16 Husbandry
29:26 Bloodlines
31:17 Two-Man Saw
30:54 Conscription
30:14 Savar
31:58 Chain Barding Armor
32:13 Iron Casting
31:59 Chain Barding Armor
32:20 Iron Casting
34:21 Blast Furnace
33:56 Plate Barding Armor
34:21 Blast Furnace
33:56 Plate Barding Armor
36:54 Citadels
37:49 Caravan
38:53 Kamandaran
39:04 Crossbowman
39:39 Fletching
39:49 Padded Archer Armor
39:39 Fletching
39:49 Padded Archer Armor
39:39 Fletching
40:08 Thumb Ring
42:51 Elite War Elephant
46:25 Light Cavalry
47:39 Hussar
52:09 Bodkin Arrow
52:29 Leather Archer Armor
52:09 Bodkin Arrow
52:29 Leather Archer Armor
56:16 Chemistry
SBZ
0:31 Loom
10:14 Feudal Age
11:16 Town Watch
11:20 Double-Bit Axe
14:13 Fletching
28:15 Castle Age
32:57 Horse Collar
34:09 Bow Saw
34:44 Wheelbarrow
34:15 Gold Mining
37:47 Hand Cart
38:50 Heavy Plow
43:21 Imperial Age
41:17 Scale Mail Armor
41:28 Forging
43:58 Chain Mail Armor
44:18 Iron Casting
44:08 Ballistics
45:26 Two-Man Saw
44:12 Elite Teutonic Knight
45:16 Conscription
46:02 Chemistry
45:54 Plate Mail Armor
45:40 Caravan
46:11 Coinage
49:08 Siege Engineers
54:06 Blast Furnace
bubu09
13:20 Feudal Age
17:14 Castle Age
15:01 Double-Bit Axe
15:04 Horse Collar
19:02 Wheelbarrow
20:39 Medium Warships
24:41 Hand Cart
24:12 Loom
25:35 Fishing Lines
30:57 Imperial Age
29:43 Chemistry
28:42 Gillnets
29:56 Bow Saw
29:49 Heavy Plow
32:50 Two-Man Saw
32:04 Houfnice
33:16 Conscription
33:21 Squires
32:42 Pikeman
33:53 Halberdier
34:50 Guilds
34:55 Forging
34:46 Scale Mail Armor
34:37 Fletching
34:47 Padded Archer Armor
35:12 Ballistics
35:33 Wagenburg Tactics
37:58 Iron Casting
37:38 Chain Mail Armor
39:52 Elite Hussite Wagon
46:21 Blast Furnace
45:51 Plate Mail Armor
45:18 Bodkin Arrow
45:48 Bombard Tower
嬴政1号
11:37 Feudal Age
17:27 Castle Age
17:08 Double-Bit Axe
23:32 Wheelbarrow
24:22 Horse Collar
26:02 Hand Cart
26:26 Bow Saw
28:34 Heavy Plow
28:47 Scale Mail Armor
28:57 Forging
28:55 Scale Barding Armor
28:51 Padded Archer Armor
28:41 Fletching
32:40 Imperial Age
32:10 Thumb Ring
31:29 Elite Skirmisher
31:31 Crossbowman
32:30 Leather Archer Armor
32:11 Bodkin Arrow
33:13 Arbalester
34:29 Ring Archer Armor
33:59 Bracer
34:41 Gold Mining
34:42 Stone Mining
35:22 Conscription
36:11 Ballistics
36:51 Chemistry
35:57 Siege Engineers
37:24 Gold Shaft Mining
37:24 Stone Shaft Mining
37:38 Torsion Engines
38:04 Husbandry
37:27 Heavy Camel Rider
43:52 Chain Barding Armor
44:08 Iron Casting
Connection lost

Rejoining the realm…

Still unreachable

The connection could not be restored.

Session expired

The server has moved on; the page needs a fresh start.